 Dungeon Crawl Stone Soup version 0.16.1-16-gc44b35d (webtiles) character file.

72 Thalios the Magician (level 4, 0/33 HPs)
             Began as a Draconian Wizard on Apr 18, 2015.
             Shot with an arrow of frost by a centaur (4 damage)
             ... on level 3 of the Dungeon.
             The game lasted 00:06:59 (2267 turns).

Thalios the Magician (Draconian Wizard)             Turns: 2267, Time: 00:06:59

Health: 0/33       AC:  5    Str:  9    XL:     4   Next: 6%
Magic:  12/12      EV: 12    Int: 20    God:
Gold:   60         SH:  0    Dex:  9    Spells: 2 memorised, 9 levels left

rFire  . . .     SeeInvis +     a - +0 club
rCold  . . .     Clarity  .     (armour unavailable)
rNeg   . . .     SustAb   .     (no shield)
rPois  .         Gourm    .     b - +0 hat
rElec  .         Spirit   .     (no cloak)
rCorr  .         Warding  .     (no gloves)
rMut   .         Stasis   .     (no boots)
MR     .....                    (no amulet)
Stlth  +.........               l - ring of see invisible
                                j - +2 ring of slaying

@: slowed, very slow, not resistant to hostile enchantments, very unstealthy
A: unfitting armour, cold-blooded, AC +5
a: no special abilities


You were on level 3 of the Dungeon.
You were not hungry.

You visited 1 branch of the dungeon, and saw 3 of its levels.

You collected 60 gold pieces.

Inventory:

Hand weapons
 a - a +0 club (weapon)
Missiles
 n - 12 arrows
 p - 19 stones (quivered)
Armour
 b - a +0 hat (worn)
Jewellery
 j - a +2 ring of slaying (left hand)
 l - a ring of see invisible (right hand)
Scrolls
 e - a scroll of noise {unknown}
 f - 2 scrolls of remove curse {unknown}
 i - a scroll of enchant armour {unknown}
 m - a scroll of identify {unknown}
 o - a scroll of amnesia {unknown}
 q - a scroll of recharging {unknown}
 s - a scroll of fog {unknown}
Potions
 g - 2 potions of haste {unknown}
 h - a potion of heal wounds {unknown}
 k - a potion of flight {unknown}
Books
 c - a book of Minor Magic

   Spells                             Type                      Level
   a - Magic Dart                     Conjuration                  1
   b - Blink                          Translocation                2
   c - Call Imp                       Summoning                    2
   d - Repel Missiles                 Charms/Air                   2
   e - Slow                           Hexes                        2
   f - Conjure Flame                  Conjuration/Fire             3
   g - Mephitic Cloud                 Conjuration/Poison/Air       3
Comestibles
 d - 4 bread rations
 r - a beef jerky


   Skills:
 - Level 1.7 Dodging
 - Level 1.7 Stealth
 * Level 4.7 Spellcasting
 - Level 1.0 Conjurations
   Level 1.0 Summonings
 - Level 1.0 Translocations


You had 9 spell levels left.
You knew the following spells:

 Your Spells              Type           Power        Failure   Level  Hunger
a - Magic Dart            Conj           #...         10%         1    None
b - Blink                 Tloc           N/A          14%         2    #......


Dungeon Overview and Level Annotations

Branches:
Dungeon (3/15)

Altars:


Innate Abilities, Weirdness & Mutations

Your plain brown scales are hard (AC +5).
Your body does not fit into most forms of armour.
Your cold-blooded metabolism reacts poorly to cold.


Message History

There is a stone staircase leading up here.
You now have 49 gold pieces (gained 15).
There is a stone staircase leading up here.
You now have 60 gold pieces (gained 11).
A centaur comes into view.
The centaur shouts!
The centaur wields a shortbow.
The centaur shoots an arrow of frost.
The arrow of frost hits you!
You feel yourself slow down. The arrow of frost freezes you.
You see here an arrow of frost.
The centaur shoots an arrow of frost.
The arrow of frost barely misses you.
You feel yourself speed up.
The centaur shoots an arrow of frost.
The arrow of frost hits you!
You feel yourself slow down. The arrow of frost freezes you.
The centaur shoots an arrow of frost.
The arrow of frost barely misses you.
You feel yourself speed up.
The centaur shoots an arrow of frost.
The arrow of frost hits you!
* * * LOW HITPOINT WARNING * * *
You feel yourself slow down. The arrow of frost freezes you.
You die...

.# ######.#
#.......#
##.......#
.........#
.........#####
..............#
#####(c....##.
#.@...........
#.###......###
# #..........#
#.#<.........#
#............#
#.........(...
#............
#...........
#.....######


You could see a centaur.

Vanquished Creatures
  3 adders (D:2)
  A worm (D:2)
  A giant mite (D:2)
  6 bats
  A giant cockroach (D:1)
  5 hobgoblins
  5 kobolds
  A giant gecko (D:2)
  2 giant newts
  4 goblins (D:1)
  9 rats
38 creatures vanquished.

Notes
Turn   | Place    | Note
--------------------------------------------------------------
     0 | D:1      | Thalios, the Draconian Wizard, began the quest for the Orb.
     0 | D:1      | Reached XP level 1. HP: 14/14 MP: 4/4
   445 | D:1      | Reached XP level 2. HP: 20/20 MP: 1/6
  1038 | D:2      | Learned a level 2 spell: Blink
  1135 | D:2      | Reached skill level 4 in Spellcasting
  1275 | D:2      | Reached XP level 3. HP: 26/26 MP: 7/9
  2192 | D:2      | Reached XP level 4. HP: 29/33 MP: 6/12
  2263 | D:3      | Noticed a centaur
  2267 | D:3      | Shot with an arrow of frost by a centaur

Action                   |  1- 3 |  4- 6 || total
-------------------------+-------+-------++-------
Melee: Club              |    16 |       ||    16
Throw: Stone             |     7 |       ||     7
 Cast: Magic Dart        |   106 |     1 ||   107
  Eat: Chunk             |     3 |     1 ||     4
